Map: Waterfall

Players

Xana

  • Race: Zerg Zerg
  • League: Bronze
  • Spawn Location: 7:00

Drone - Winner!

  • Race: Zerg Zerg
  • Spawn Location: 1:00

VOD

Have the link to the VOD?

Description

Time

  • Played on: Aug. 18, 2022, 1:40 p.m.
  • Length: 12:50
Show
View Real Time Build Order
Export as new Build Order

Xana Zerg 

Build Orders: Pool First 

Get SALT Encoding   

  12  0:00  Drone  
  13  0:12  Overlord  
  13  0:21  Drone  
  14  0:31  Drone x2  
  16  0:42  Extractor  
  15  0:45  Spawning Pool  
  15  0:48  Drone  
  15  0:52  Drone  
  16  1:19  Hatchery  
  16  1:22  Drone  
  16  1:27  Drone  
  16  1:32  Drone  
  18  1:37  Drone  
  19  1:44  Drone  
  19  1:46  Metabolic Boost  
  20  1:56  Zergling x2  
  21  2:05  Zergling x2  
  22  2:20  Overlord  
  22  2:30  Queen  
  22  2:34  Zergling x2  
  22  2:36  Zergling x2  
  26  2:44  Zergling x4  
  27  2:47  Queen  
  28  2:51  Zergling x2  
  29  3:23  Zergling x2  
  29  3:24  Zergling x10  
  29  3:25  Baneling Nest  
  34  3:37  Zergling x2  
  34  3:38  Zergling x2  
  36  4:13  Baneling x4  
  36  4:14  Baneling  
  29  5:00  Baneling x5  
  29  5:01  Baneling x6  
  27  5:27  Zergling x20  
  33  5:33  Zergling x4  
  35  5:43  Zergling x2, Roach Warren  
  35  6:00  Zergling x2  
  34  6:11  Baneling x3  
  34  6:12  Baneling x7  
  34  6:13  Baneling  
  34  6:24  Zergling x4  
  36  6:26  Overlord x5  
  28  6:45  Drone  
  25  6:50  Drone  
  25  6:52  Zergling x2  
  25  6:53  Zergling x8  
  30  7:13  Lair  
  30  7:27  Drone x6  
  36  7:35  Extractor  
  35  7:40  Baneling x4  
  35  7:41  Baneling  
  35  7:47  Drone x4  
  35  7:48  Drone x4  
  43  7:57  Overlord  
  43  7:58  Overlord  
  43  8:08  Drone  
  43  8:09  Drone  
  43  8:12  Extractor  
  44  8:13  Extractor, Drone  
  44  8:14  Drone  
  44  8:18  Glial Reconstitution  
  45  8:27  Drone  
  46  8:38  Drone x4  
  46  8:39  Drone x2  
  52  9:03  Drone  
  52  9:05  Overlord x2  
  52  9:06  Overlord  
  53  9:10  Hatchery  
  53  9:13  Overlord x3  
  52  9:24  Roach x7  
  66  9:32  Overseer  
  66  9:41  Spire  
  66  9:43  Overlord  
  66  9:45  Zergling x6  
  68  10:22  Spore Crawler  
  68  10:24  Spore Crawler  
  47  10:41  Roach x10  
  64  11:03  Mutalisk x6  
  69  11:12  Mutalisk  
  69  11:20  Mutalisk  
  69  11:21  Roach  
  72  11:30  Queen  
  72  11:33  Queen  
  72  11:37  Extractor x2  
  72  11:38  Drone x3  
  72  11:39  Drone x3  
  66  11:53  Mutalisk  
  66  11:54  Mutalisk  
  70  12:06  Roach Warren  
  65  12:16  Spore Crawler  
  65  12:17  Spore Crawler  
  65  12:22  Overlord x3  
  62  12:24  Overlord  
  58  12:30  Spore Crawler  
  58  12:33  Spore Crawler  
Show
View Real Time Build Order
Export as new Build Order

Drone Zerg - Winner!

Build Orders: Pool First 

Get SALT Encoding   

  12  0:19  Drone x2  
  14  0:23  Overlord  
  14  0:37  Spawning Pool  
  14  0:40  Drone  
  14  0:44  Drone  
  15  1:00  Drone  
  16  1:24  Zergling x6  
  19  1:26  Queen  
  21  1:38  Hatchery  
  20  1:40  Drone  
  21  1:50  Drone  
  22  1:54  Extractor  
  22  1:57  Drone  
  22  2:08  Overlord  
  22  2:26  Drone  
  22  2:39  Zergling x8  
  26  2:55  Zergling x4  
  27  3:09  Drone  
  27  3:12  Drone x3  
  30  3:22  Metabolic Boost  
  30  3:26  Drone x2  
  32  3:38  Queen x2  
  36  3:42  Overlord x2  
  36  3:43  Overlord x2  
  35  4:08  Overlord  
  30  4:26  Drone x8  
  30  4:30  Baneling Nest  
  35  4:56  Zergling x20  
  43  5:12  Queen x2  
  31  5:31  Roach Warren  
  31  5:32  Drone x2  
  31  5:41  Evolution Chamber x2  
  29  5:45  Drone x2  
  31  6:11  Queen x2  
  31  6:15  Drone x3  
  38  6:22  Baneling x2  
  38  6:27  Drone x3  
  40  6:43  Drone x6  
  45  6:51  Evolution Chamber  
  45  7:13  Evolution Chamber  
  44  7:19  Drone x4  
  44  7:22  Extractor  
  47  7:23  Drone x2  
  47  7:24  Extractor  
  47  7:25  Lair  
  47  7:26  Extractor  
  47  7:45  Drone x3  
  47  7:46  Drone x3  
  53  7:51  Baneling x2  
  53  8:06  Overlord  
  53  8:07  Overlord x3  
  53  8:21  Drone  
  53  8:22  Spire  
  53  8:25  Overseer  
  53  8:32  Overlord  
  53  8:33  Overlord  
  53  8:54  Overlord  
  53  9:11  Overlord  
  53  9:31  Hatchery  
  52  9:35  Mutalisk x8  
  52  9:36  Mutalisk  
  70  9:40  Zergling x18  
  79  10:06  Mutalisk  
  79  10:07  Mutalisk x2  
  79  10:08  Zergling x8  
  89  10:25  Zergling x8  
  87  11:01  Mutalisk  
  87  11:02  Mutalisk x3  
  82  11:05  Zergling x10  
  83  11:14  Mutalisk  
  83  11:15  Zergling x2  
  84  11:35  Mutalisk x2  
  84  11:36  Zergling x6  
  84  11:37  Zergling x2  
  82  11:49  Zergling x6  
  82  11:50  Zergling x4  
  82  11:53  Mutalisk  
  87  12:04  Mutalisk x2  
  87  12:06  Zergling x2  
  86  12:16  Zergling x2  
  86  12:17  Zergling x4  
  79  12:30  Zergling x2  
  79  12:31  Zergling x2  
Tags
 
League
Bronze
Matchup
ZvZ
Race
Zerg
Spawn Locations
Cross Positions
Add a new tag
Caveats
  • Supply blocks, unpowered buildings, or Contaminate may cause inaccurate times.
  • Supply counts are checked every 10 seconds.